[Event "4NCL 2021-22"]
[Site "England"]
[Date "2022.02.12"]
[Round "3.56"]
[White "Jackson, Carl"]
[Black "Kolani, Arjun"]
[Result "0-1"]
[ECO "E17"]
[WhiteElo "1979"]
[BlackElo "2035"]
[Annotator "ChessBase"]
[PlyCount "72"]
[EventDate "2021.11.27"]
[EventType "team-tourn"]
[EventCountry "ENG"]
[SourceTitle "playchess.com"]
[Source "ChessBase"]
[SourceQuality "1"]
[TimeControl "40/6000+30:3000+30"]

1. b3 Nf6 2. Bb2 e6 3. Nf3 d5 4. c4 Be7 5. g3 O-O 6. Bg2 b6 7. O-O Bb7 8. d4 Nbd7 9. Nc3 Ne4 10. Nxe4 dxe4 11. Nd2 f5 12. Qc2 c5 13. Rfd1 Qc7 14. e3 Bf6 15. Nf1 Rad8 16. Qe2 Nb8 17. Rac1 Nc6 18. dxc5 Bxb2 19. Qxb2 bxc5 20. Nd2 Ne5 21. Bf1 g5 22. Qc2 Rd7 23. Be2 Rdf7 24. Rf1 Rd8 25. f4 exf3 26. Nxf3 Ng4 27. Qc3 Bxf3 28. Bxf3 Ne5 29. Bh5 Rfd7 30. Rcd1 g4 31. Rxd7 Rxd7 32. e4 Rd3 33. Qc1 Nf3+ 34. Rxf3 gxf3 35. exf5 Qd8 36. Kf2 Qd4+ 0-1

[Event "4NCL 2021-22"]
[Site "England"]
[Date "2022.02.12"]
[Round "3.58"]
[White "Townsend, M Paul"]
[Black "Bisby, Daniel L"]
[Result "1/2-1/2"]
[ECO "E94"]
[WhiteElo "2284"]
[BlackElo "2296"]
[Annotator "ChessBase"]
[PlyCount "110"]
[EventDate "2021.11.27"]
[EventType "team-tourn"]
[EventCountry "ENG"]
[SourceTitle "playchess.com"]
[Source "ChessBase"]
[SourceQuality "1"]
[TimeControl "40/6000+30:3000+30"]

1. d4 Nf6 2. c4 g6 3. Nc3 Bg7 4. e4 O-O 5. Nf3 d6 6. Be2 e5 7. O-O Nh5 8. g3 Na6 9. dxe5 dxe5 10. Be3 Nf6 11. Nxe5 Nxe4 12. Nxe4 Bxe5 13. Qb3 Qe7 14. Bf3 c6 15. Rfe1 Qb4 16. Bh6 Qxb3 17. axb3 Rd8 18. Bg5 Rd3 19. Nf6+ Bxf6 20. Bxf6 Be6 21. Bxc6 Nc5 22. Bg2 Rxb3 23. Bd4 Nd7 24. Re3 Rb4 25. b3 a5 26. Bc3 Rxb3 27. Rxa5 Rxa5 28. Bxa5 Rxe3 29. fxe3 b6 30. Bc3 Bxc4 31. Bc6 Nc5 32. Bd4 Kf8 33. Kf2 Ke7 34. Ke1 Kd6 35. Bf3 b5 36. Bc3 Nd3+ 37. Kd2 b4 38. Bg7 Ne5 39. Bf8+ Ke6 40. Bg2 b3 41. Kc3 f5 42. e4 fxe4 43. Bxe4 Bd5 44. Bd3 Ng4 45. h4 Nf6 46. Bc5 Be4 47. Be2 Bc2 48. Bf3 Be4 49. Be2 Kf5 50. Kxb3 Bd5+ 51. Kc2 Ne4 52. Bd3 Kg4 53. Bxe4 Bxe4+ 54. Kd2 Kxg3 55. Be7 h5 1/2-1/2

[Event "4NCL 2021-22"]
[Site "England"]
[Date "2022.02.12"]
[Round "3.59"]
[White "Hill, Alistair"]
[Black "Barry, Colm"]
[Result "0-1"]
[ECO "C41"]
[WhiteElo "2236"]
[BlackElo "2241"]
[Annotator "ChessBase"]
[PlyCount "94"]
[EventDate "2021.11.27"]
[EventType "team-tourn"]
[EventCountry "ENG"]
[SourceTitle "playchess.com"]
[Source "ChessBase"]
[SourceQuality "1"]
[TimeControl "40/6000+30:3000+30"]

1. e4 e5 2. Nf3 d6 3. d4 Nf6 4. dxe5 Nxe4 5. Bc4 c6 6. O-O d5 7. Bd3 Nc5 8. Be2 Be7 9. h3 O-O 10. Be3 Nbd7 11. Nbd2 Qc7 12. Bf4 Ne6 13. Bg3 Qb6 14. Nb3 Ndc5 15. Nfd2 a5 16. c3 a4 17. Nxc5 Nxc5 18. Qc2 g6 19. Bg4 Bg5 20. Bxc8 Raxc8 21. Bh2 Bh6 22. Kh1 Qa6 23. f4 Qd3 24. Qd1 f5 25. Bg1 Ne6 26. Rf3 Qb5 27. Be3 Qxb2 28. Rb1 Qxa2 29. Rf2 Qa3 30. Rxb7 Qxc3 31. Rf3 Qa5 32. Ra7 Qb5 33. Rxa4 c5 34. Nf1 d4 35. Bc1 c4 36. Rfa3 Qd5 37. Ra5 Qe4 38. Ng3 Qb1 39. Ra1 Qb3 40. Qe1 Bxf4 41. Bxf4 Nxf4 42. R1a3 Qb2 43. Ra2 Nd3 44. Rxb2 Nxe1 45. e6 Rc7 46. Re2 Nd3 47. Rd5 Nf4 0-1

[Event "4NCL 2021-22"]
[Site "England"]
[Date "2022.02.12"]
[Round "3.60"]
[White "Walton, Alan J"]
[Black "McClement, Andrew"]
[Result "1/2-1/2"]
[ECO "A45"]
[WhiteElo "2116"]
[BlackElo "2221"]
[Annotator "ChessBase"]
[PlyCount "29"]
[EventDate "2021.11.27"]
[EventType "team-tourn"]
[EventCountry "ENG"]
[SourceTitle "playchess.com"]
[Source "ChessBase"]
[SourceQuality "1"]
[TimeControl "40/6000+30:3000+30"]

1. d4 Nf6 2. Bg5 e6 3. e4 h6 4. Bxf6 Qxf6 5. Nc3 Bb4 6. Qd2 d5 7. Bd3 O-O 8. Nf3 c5 9. exd5 cxd4 10. Nxd4 Rd8 11. O-O exd5 12. Rad1 Nc6 13. Nxc6 Bxc3 14. Ne7+ Qxe7 15. Qxc3 1/2-1/2

[Event "4NCL 2021-22"]
[Site "England"]
[Date "2022.02.12"]
[Round "3.61"]
[White "Robertson, J Stuart"]
[Black "Gayson, Peter M"]
[Result "1-0"]
[ECO "A80"]
[WhiteElo "2174"]
[BlackElo "2127"]
[Annotator "NA"]
[PlyCount "63"]
[EventDate "2021.11.27"]
[EventType "team-tourn"]
[EventCountry "ENG"]
[SourceTitle "playchess.com"]
[Source "ChessBase"]
[SourceQuality "1"]
[TimeControl "40/6000+30:3000+30"]

1. d4 f5 2. Bg5 g6 3. Nc3 Bg7 4. h4 d6 5. e4 fxe4 6. Nxe4 Nf6 7. Ng3 Nc6 8. Bc4 d5 9. Bb3 Bg4 10. f3 Be6 11. N1e2 Qd7 12. Qd2 O-O-O 13. O-O-O Bf7 14. Ba4 Kb8 15. Kb1 h6 16. Be3 Ne8 17. Qc3 Nd6 18. Bf4 Nc4 19. Nc1 e5 20. Bxe5 Bxe5 21. dxe5 N4xe5 22. Rhe1 Nc4 23. Qf6 Rhe8 24. Bxc6 bxc6 25. Nd3 Qd6 26. Qxf7 Rxe1 27. Rxe1 Qxg3 28. b3 Nd6 29. Qf6 Nb7 30. Re6 Qxg2 31. Nb4 Qg1+ 32. Kb2 1-0

[Event "4NCL 2021-22"]
[Site "England"]
[Date "2022.02.12"]
[Round "3.62"]
[White "Arnott, Jonathan W"]
[Black "Stewart, Ashley"]
[Result "1-0"]
[ECO "B21"]
[WhiteElo "2121"]
[BlackElo "2062"]
[Annotator "ChessBase"]
[PlyCount "65"]
[EventDate "2021.11.27"]
[EventType "team-tourn"]
[EventCountry "ENG"]
[SourceTitle "playchess.com"]
[Source "ChessBase"]
[SourceQuality "1"]
[TimeControl "40/6000+30:3000+30"]

1. e4 c5 2. Be2 Nc6 3. d3 g6 4. f4 Bg7 5. Nf3 d6 6. O-O e6 7. Qe1 Nge7 8. c3 O-O 9. Be3 b6 10. Nbd2 Bb7 11. d4 Qd7 12. Qh4 f5 13. dxc5 bxc5 14. Rad1 fxe4 15. Ng5 h6 16. Ngxe4 Nf5 17. Qh3 Nce7 18. g4 Nxe3 19. Qxe3 Nd5 20. Qg3 e5 21. f5 Nf4 22. Rf2 gxf5 23. gxf5 Nxe2+ 24. Rxe2 Rxf5 25. Rg2 Rf7 26. Qg6 Kh8 27. Nxd6 Rf6 28. Qxg7+ Qxg7 29. Rxg7 Kxg7 30. Nxb7 Rb8 31. Nxc5 Rxb2 32. a4 Rd6 33. Nce4 1-0

[Event "4NCL 2021-22"]
[Site "England"]
[Date "2022.02.12"]
[Round "3.63"]
[White "Starley, Robert"]
[Black "Heritage, Jamie"]
[Result "1-0"]
[ECO "C80"]
[WhiteElo "2053"]
[BlackElo "2114"]
[Annotator "NA"]
[PlyCount "55"]
[EventDate "2021.11.27"]
[EventType "team-tourn"]
[EventCountry "ENG"]
[SourceTitle "playchess.com"]
[Source "ChessBase"]
[SourceQuality "1"]
[TimeControl "40/6000+30:3000+30"]

1. e4 e5 2. Nf3 Nc6 3. Bb5 a6 4. Ba4 Nf6 5. O-O Nxe4 6. d4 b5 7. Bb3 d5 8. dxe5 Be6 9. Nbd2 Nc5 10. c3 Nxb3 11. Nxb3 Be7 12. h3 O-O 13. Be3 Re8 14. Bc5 a5 15. Qd3 Rb8 16. Rfe1 a4 17. Bxe7 Qxe7 18. Nbd4 Nxd4 19. Nxd4 Qd7 20. Qe3 Rec8 21. b4 c6 22. f4 Bf5 23. Rad1 Be4 24. Ne2 Qe7 25. Ng3 c5 26. Nxe4 dxe4 27. bxc5 Qxc5 28. Rd8+ 1-0

[Event "4NCL 2021-22"]
[Site "England"]
[Date "2022.02.12"]
[Round "3.64"]
[White "Burnett, Jim"]
[Black "Manmay Chopra"]
[Result "1/2-1/2"]
[ECO "E69"]
[WhiteElo "2055"]
[BlackElo "1951"]
[Annotator "ChessBase"]
[PlyCount "121"]
[EventDate "2021.11.27"]
[EventType "team-tourn"]
[EventCountry "ENG"]
[SourceTitle "playchess.com"]
[Source "ChessBase"]
[SourceQuality "1"]
[TimeControl "40/6000+30:3000+30"]

1. d4 Nf6 2. c4 g6 3. g3 Bg7 4. Bg2 O-O 5. Nc3 d6 6. Nf3 Nbd7 7. O-O c6 8. e4 e5 9. h3 Re8 10. Be3 exd4 11. Nxd4 Nc5 12. Qc2 a5 13. Rfe1 Qe7 14. f3 Ne6 15. Rad1 Nxd4 16. Bxd4 Be6 17. b3 Nh5 18. Bf2 Qc7 19. Ne2 Rad8 20. g4 Nf6 21. Bg3 Qb6+ 22. Kh2 d5 23. e5 Nd7 24. Nd4 Nf8 25. Nxe6 Nxe6 26. f4 dxc4 27. Qxc4 Rd4 28. Rxd4 Nxd4 29. Bf2 Rd8 30. Rd1 c5 31. Bd5 Ne6 32. Bg3 Qc7 33. Rd3 Qd7 34. Be4 Qc8 35. Rxd8+ Qxd8 36. Qd5 Qxd5 37. Bxd5 b5 38. Kg2 Nc7 39. Bc6 c4 40. Be1 cxb3 41. axb3 Ne6 42. Bxa5 Nxf4+ 43. Kg3 Ne2+ 44. Kf2 Nd4 45. Bd5 Bxe5 46. Ke3 Ne6 47. h4 Bd6 48. b4 Nc7 49. Bc6 Na6 50. Bxb5 Bxb4 51. Bxa6 Bxa5 52. Be2 Kg7 53. Kf2 Kf6 54. h5 Kg5 55. hxg6 hxg6 56. Kg2 Kf4 57. Bd1 Be1 58. Bb3 f6 59. Bf7 g5 60. Be6 Ke5 61. Kf3 1/2-1/2

[Event "4NCL 2021-22"]
[Site "England"]
[Date "2022.02.12"]
[Round "3.65"]
[White "Olson, Hamish"]
[Black "Blackburn, Jonathan L B"]
[Result "1-0"]
[ECO "A49"]
[WhiteElo "2296"]
[BlackElo "2227"]
[Annotator "ChessBase"]
[PlyCount "99"]
[EventDate "2021.11.27"]
[EventType "team-tourn"]
[EventCountry "ENG"]
[SourceTitle "playchess.com"]
[Source "ChessBase"]
[SourceQuality "1"]
[TimeControl "40/6000+30:3000+30"]

1. d4 Nf6 2. Nf3 g6 3. g3 Bg7 4. Bg2 O-O 5. O-O d6 6. Nbd2 c5 7. dxc5 dxc5 8. c3 Nc6 9. Nb3 Nd7 10. Bf4 c4 11. Nbd2 Nb6 12. e4 e5 13. Be3 Be6 14. Re1 Qe7 15. Bf1 Rfd8 16. Qb1 Na5 17. b4 cxb3 18. axb3 Nc6 19. b4 Qc7 20. Ng5 Bd7 21. b5 Ne7 22. c4 h6 23. Ngf3 Be6 24. c5 Nd7 25. Rxa7 Rxa7 26. b6 Qc8 27. bxa7 Nc6 28. Nc4 Bxc4 29. Bxc4 Nxa7 30. Qa2 Nc6 31. Bxf7+ Kh7 32. Be6 Qc7 33. h4 Nd4 34. Bxd4 exd4 35. h5 Nxc5 36. hxg6+ Kh8 37. Bd5 d3 38. Kg2 Nd7 39. Rh1 Ne5 40. Qd2 Nxg6 41. Rxh6+ Bxh6 42. Qxh6+ Qh7 43. Qxh7+ Kxh7 44. Ng5+ Kg7 45. Ne6+ Kf6 46. Nxd8 Ke5 47. Nxb7 Kd4 48. f4 Kc3 49. e5 d2 50. Bf3 1-0

[Event "4NCL 2021-22"]
[Site "England"]
[Date "2022.02.12"]
[Round "3.66"]
[White "Jones, Steven A"]
[Black "Morrison, Graham"]
[Result "1-0"]
[ECO "B90"]
[WhiteElo "2215"]
[BlackElo "2258"]
[Annotator "ChessBase"]
[PlyCount "169"]
[EventDate "2021.11.27"]
[EventType "team-tourn"]
[EventCountry "ENG"]
[SourceTitle "playchess.com"]
[Source "ChessBase"]
[SourceQuality "1"]
[TimeControl "40/6000+30:3000+30"]

1. e4 c5 2. Nf3 d6 3. d4 cxd4 4. Nxd4 Nf6 5. Nc3 a6 6. f3 e5 7. Nb3 Be6 8. Be3 h5 9. Qd2 Nbd7 10. O-O-O Rc8 11. Kb1 Be7 12. h3 Qc7 13. Bd3 h4 14. Rhe1 b5 15. f4 Nb6 16. Bxb6 Qxb6 17. Nd5 Bxd5 18. exd5 exf4 19. Qxf4 Rc7 20. Nd4 Kf8 21. Nf5 Nxd5 22. Qf3 Qc5 23. Nxe7 Rxe7 24. Bg6 Ne3 25. Bxf7 Rxf7 26. Qa8+ Ke7 27. Qxh8 Qxc2+ 28. Ka1 Qe4 29. Qc8 Rf1 30. Rxf1 Nc2+ 31. Kb1 Ne3+ 32. Kc1 Nxf1 33. Qc7+ Ke8 34. Qc8+ Ke7 35. Qc7+ Ke8 36. Qxd6 Ne3 37. Qd7+ Kf8 38. Qc8+ Kf7 39. Rd2 Nxg2 40. Qc2 Qe1+ 41. Qd1 Qxd1+ 42. Rxd1 Nf4 43. Kd2 Kf6 44. Ke3 Kf5 45. Kf3 Nxh3 46. Rd5+ Ke6 47. Rc5 Kd6 48. Rh5 Ng1+ 49. Kg2 Ne2 50. Rxh4 Nc1 51. a3 a5 52. Kf3 a4 53. Ke4 Nb3 54. Kd3 Kc5 55. Rh5+ Kb6 56. Rg5 Nc5+ 57. Ke3 Nb3 58. Rxg7 Kc5 59. Rg8 Na5 60. Kd3 Nc6 61. Rg5+ Kb6 62. Rh5 Na5 63. Kd4 Nc4 64. Rh6+ Ka5 65. Kc3 Ne3 66. Rd6 Nc4 67. Rh6 Ne3 68. Rc6 Nd1+ 69. Kc2 Ne3+ 70. Kd3 Nd5 71. Kd4 Nb6 72. Kc5 Nd7+ 73. Kd6 Nb8 74. Rc8 Na6 75. Kc6 b4 76. Rh8 bxa3 77. bxa3 Nb4+ 78. axb4+ Kxb4 79. Rh4+ Kb3 80. Kb5 a3 81. Rh3+ Kb2 82. Kb4 a2 83. Rh2+ Kb1 84. Kb3 a1=N+ 85. Kc3 1-0

[Event "4NCL 2021-22"]
[Site "England"]
[Date "2022.02.12"]
[Round "3.67"]
[White "Berry, Neil"]
[Black "Cooper, John G"]
[Result "0-1"]
[ECO "D30"]
[WhiteElo "2267"]
[BlackElo "2234"]
[Annotator "ChessBase"]
[PlyCount "22"]
[EventDate "2021.11.27"]
[EventType "team-tourn"]
[EventCountry "ENG"]
[SourceTitle "playchess.com"]
[Source "ChessBase"]
[SourceQuality "1"]
[TimeControl "40/6000+30:3000+30"]

1. d4 d5 2. c4 e6 3. Nf3 c5 4. cxd5 exd5 5. g3 Nc6 6. Bg2 Nf6 7. O-O Be7 8. dxc5 Bxc5 9. a3 a5 10. Bg5 O-O 11. Qc2 Be7 0-1

[Event "4NCL 2021-22"]
[Site "England"]
[Date "2022.02.12"]
[Round "3.68"]
[White "Redmond, John P."]
[Black "McKay, Roderick M"]
[Result "1/2-1/2"]
[ECO "D11"]
[WhiteElo "2210"]
[BlackElo "2208"]
[Annotator "ChessBase"]
[PlyCount "70"]
[EventDate "2021.11.27"]
[EventType "team-tourn"]
[EventCountry "ENG"]
[SourceTitle "playchess.com"]
[Source "ChessBase"]
[SourceQuality "1"]
[TimeControl "40/6000+30:3000+30"]

1. d4 d5 2. c4 c6 3. Nf3 Nf6 4. g3 Bf5 5. Nc3 e6 6. Qb3 Qc8 7. Nh4 Be4 8. f3 Bg6 9. Bg2 Nbd7 10. cxd5 Nxd5 11. e4 Nxc3 12. bxc3 Bh5 13. f4 Be7 14. Nf3 Bg6 15. Nd2 O-O 16. O-O Re8 17. Bb2 Rb8 18. Rae1 Bf8 19. Bh3 Nb6 20. c4 f6 21. c5 Na8 22. Nc4 Qd7 23. e5 b6 24. exf6 bxc5 25. Qxb8 Rxb8 26. Bxe6+ Qxe6 27. Rxe6 Bf7 28. f5 Nc7 29. Ne5 Nxe6 30. fxe6 Bxe6 31. f7+ Kh8 32. Ba3 cxd4 33. Nxc6 Ra8 34. Bxf8 Rxf8 35. Nxd4 Bxa2 1/2-1/2

[Event "4NCL 2021-22"]
[Site "England"]
[Date "2022.02.12"]
[Round "3.69"]
[White "Burnett, Andrew"]
[Black "Kett, Tim"]
[Result "0-1"]
[ECO "E05"]
[WhiteElo "2176"]
[BlackElo "2136"]
[Annotator "ChessBase"]
[PlyCount "66"]
[EventDate "2021.11.27"]
[EventType "team-tourn"]
[EventCountry "ENG"]
[SourceTitle "playchess.com"]
[Source "ChessBase"]
[SourceQuality "1"]
[TimeControl "40/6000+30:3000+30"]

1. d4 d5 2. c4 e6 3. Nf3 Nf6 4. Nc3 Be7 5. g3 O-O 6. Bg2 dxc4 7. O-O Nc6 8. e4 Rb8 9. Bf4 b5 10. a3 a6 11. d5 exd5 12. exd5 Na5 13. Qc2 Bd6 14. Be3 Nb3 15. Rad1 Bg4 16. h3 Bh5 17. g4 Bg6 18. Qe2 Re8 19. Nh4 Bd3 20. Rxd3 cxd3 21. Qd1 b4 22. axb4 Rxb4 23. Nf5 Nc5 24. Qc1 Nfe4 25. f3 d2 26. Bxd2 Nb3 27. Nxe4 Nxc1 28. Rxc1 Rb8 29. Ba5 Qd7 30. Rc6 Rxb2 31. Bf1 Bh2+ 32. Kh1 Qxd5 33. Rxa6 Rxe4 0-1

[Event "4NCL 2021-22"]
[Site "England"]
[Date "2022.02.12"]
[Round "3.70"]
[White "Zeidler, Sven P."]
[Black "Schwartz, Julius"]
[Result "0-1"]
[ECO "B23"]
[WhiteElo "2172"]
[BlackElo "2088"]
[Annotator "ChessBase"]
[PlyCount "116"]
[EventDate "2021.11.27"]
[EventType "team-tourn"]
[EventCountry "ENG"]
[SourceTitle "playchess.com"]
[Source "ChessBase"]
[SourceQuality "1"]
[TimeControl "40/6000+30:3000+30"]

1. e4 c5 2. Nc3 d6 3. f4 Nc6 4. Nf3 g6 5. Bb5 Bg7 6. O-O Bd7 7. Bxc6 Bxc6 8. d3 Nf6 9. Qe1 Nd7 10. Qh4 h6 11. Bd2 Qc7 12. Rae1 g5 13. fxg5 hxg5 14. Qxg5 Bf6 15. Nd5 Bxd5 16. Qxd5 e6 17. Qb3 O-O-O 18. Bf4 Rdg8 19. c3 Rg4 20. Bg3 Qc6 21. Re2 Rhg8 22. Rfe1 Bd8 23. c4 Nf6 24. Qb5 Qxb5 25. cxb5 Bc7 26. e5 Nh5 27. exd6 Nxg3 28. hxg3 Bxd6 29. Ne5 Rxg3 30. Nxf7 Bf4 31. Ne5 Bxe5 32. Rxe5 Rxg2+ 33. Kf1 Rg1+ 34. Kf2 R1g2+ 35. Kf1 Rxb2 36. Rxc5+ Kd7 37. Rec1 Kd6 38. a4 Rg3 39. Rc7 Rf3+ 40. Kg1 Rb1 41. Rxb1 Kxc7 42. Rb3 Kb6 43. Kg2 Rf4 44. Ra3 Ka5 45. Rc3 Rxa4 46. Rc7 Kb6 47. Re7 Rd4 48. Rxe6+ Kxb5 49. Re5+ Kc6 50. Re3 a5 51. Kf3 a4 52. Ke2 a3 53. Kd2 Rb4 54. Re1 Rb2+ 55. Ke3 b5 56. Ra1 b4 57. Ke4 a2 58. Rh1 Rb1 0-1

[Event "4NCL 2021-22"]
[Site "England"]
[Date "2022.02.12"]
[Round "3.71"]
[White "White, Stuart A"]
[Black "Macfarlane, Donald"]
[Result "1/2-1/2"]
[ECO "E20"]
[WhiteElo "2041"]
[BlackElo "2200"]
[Annotator "ChessBase"]
[PlyCount "64"]
[EventDate "2021.11.27"]
[EventType "team-tourn"]
[EventCountry "ENG"]
[SourceTitle "playchess.com"]
[Source "ChessBase"]
[SourceQuality "1"]
[TimeControl "40/6000+30:3000+30"]

1. d4 Nf6 2. c4 e6 3. Nc3 Bb4 4. f3 Bxc3+ 5. bxc3 d6 6. e4 b6 7. Bd3 Bb7 8. Nh3 Nbd7 9. O-O Qe7 10. Qe2 e5 11. Nf2 Nh5 12. g3 g6 13. Ng4 f6 14. Ne3 c6 15. a4 O-O 16. f4 exf4 17. gxf4 Ng7 18. f5 gxf5 19. Nxf5 Nxf5 20. Rxf5 Kh8 21. Bf4 Rg8+ 22. Bg3 c5 23. Raf1 Rae8 24. R5f4 Rg6 25. Rg4 Qe6 26. Rxg6 hxg6 27. d5 Qe7 28. e5 Nxe5 29. Bxe5 fxe5 30. Be4 Bc8 31. Qf2 Bf5 32. Bxf5 Qg5+ 1/2-1/2

[Event "4NCL 2021-22"]
[Site "England"]
[Date "2022.02.12"]
[Round "3.72"]
[White "Khoury, Theo"]
[Black "Gordon, Frederick"]
[Result "1-0"]
[ECO "B39"]
[WhiteElo "2011"]
[BlackElo "1853"]
[Annotator "NA"]
[PlyCount "75"]
[EventDate "2021.11.27"]
[EventType "team-tourn"]
[EventCountry "ENG"]
[SourceTitle "playchess.com"]
[Source "ChessBase"]
[SourceQuality "1"]
[TimeControl "40/6000+30:3000+30"]

1. e4 c5 2. Nf3 g6 3. d4 cxd4 4. Nxd4 Nc6 5. c4 Nf6 6. Nc3 Nxd4 7. Qxd4 d6 8. f3 Bg7 9. Be3 O-O 10. Qd2 Be6 11. Rc1 a5 12. b3 Nd7 13. Be2 Nc5 14. O-O Qb6 15. Rfd1 Rfc8 16. Nb5 Bd7 17. Nd4 Qb4 18. Nc2 Qxd2 19. Rxd2 Bb2 20. Rb1 Bc3 21. Rdd1 f5 22. Bxc5 Rxc5 23. exf5 gxf5 24. Ne3 Re8 25. Nd5 Bg7 26. Kf2 Kf7 27. f4 Rb8 28. Bh5+ Kf8 29. Re1 Bd4+ 30. Kg3 e5 31. fxe5 dxe5 32. Rbd1 Kg7 33. Rxd4 exd4 34. Re7+ Kh6 35. Rxd7 Kxh5 36. Nf4+ Kh6 37. Rd6+ Kg5 38. h4# 1-0

[Event "4NCL 2021-22"]
[Site "England"]
[Date "2022.02.12"]
[Round "3.73"]
[White "Gallana, Marco"]
[Black "Ratnesan, Ranesh"]
[Result "1-0"]
[ECO "D10"]
[WhiteElo "2277"]
[BlackElo "2258"]
[Annotator "ChessBase"]
[PlyCount "115"]
[EventDate "2021.11.27"]
[EventType "team-tourn"]
[EventCountry "ENG"]
[SourceTitle "playchess.com"]
[Source "ChessBase"]
[SourceQuality "1"]
[TimeControl "40/6000+30:3000+30"]

1. d4 d5 2. c4 c6 3. cxd5 cxd5 4. Nc3 Nf6 5. Bf4 Nc6 6. e3 Bg4 7. Qb3 Na5 8. Qa4+ Bd7 9. Qc2 e6 10. Bd3 Rc8 11. Nf3 Be7 12. O-O O-O 13. h3 b5 14. a3 h6 15. Qe2 a6 16. Ne5 Be8 17. Rac1 Nb3 18. Rc2 Bd6 19. Na2 Ra8 20. Rc3 Na5 21. b3 Ne4 22. Bxe4 dxe4 23. Rd1 f6 24. b4 Qb8 25. Ng6 Bxg6 26. Bxd6 Qxd6 27. bxa5 Qd8 28. Rdc1 Qxa5 29. Qg4 Bf5 30. Qg3 Rf7 31. Nb4 Kh7 32. Qd6 e5 33. Nc6 Qb6 34. dxe5 Rd7 35. Qb4 fxe5 36. Nxe5 Rd5 37. Nc6 Re8 38. Nd4 a5 39. Qb3 Rde5 40. Nc6 R5e6 41. Rc5 Rc8 42. Qd5 Rf8 43. Nd4 Rd6 44. Qe5 Bg6 45. Rc7 Rff6 46. Re7 Rf7 47. Rcc7 Rdf6 48. Rxf7 Rxf7 49. Rc6 Qb7 50. Qc5 b4 51. axb4 axb4 52. Rb6 Qa7 53. Qxb4 Qa1+ 54. Qb1 Qc3 55. Rxg6 Kxg6 56. Qxe4+ Kg5 57. Qg4+ Kf6 58. Qe6+ 1-0

[Event "4NCL 2021-22"]
[Site "England"]
[Date "2022.02.12"]
[Round "3.74"]
[White "Merriman, John"]
[Black "Zulfic, Fedja"]
[Result "1-0"]
[ECO "A57"]
[WhiteElo "2261"]
[BlackElo "2231"]
[Annotator "ChessBase"]
[PlyCount "75"]
[EventDate "2021.11.27"]
[EventType "team-tourn"]
[EventCountry "ENG"]
[SourceTitle "playchess.com"]
[Source "ChessBase"]
[SourceQuality "1"]
[TimeControl "40/6000+30:3000+30"]

1. d4 Nf6 2. c4 c5 3. d5 b5 4. a4 b4 5. Nd2 d6 6. e4 g6 7. f4 Bg7 8. Ngf3 O-O 9. Bd3 Nh5 10. Nb3 Bg4 11. O-O e6 12. h3 Bxf3 13. Qxf3 exd5 14. cxd5 Nd7 15. g4 Nhf6 16. Nd2 a5 17. Bb5 Nb6 18. Rb1 Ne8 19. Re1 Ra7 20. Nf1 Re7 21. Be3 Nc7 22. Bc6 Nc4 23. b3 Na3 24. Rbc1 f5 25. gxf5 gxf5 26. e5 dxe5 27. Bxc5 e4 28. Qh5 Rf6 29. Bxe7 Qxe7 30. Ne3 Qd6 31. Rf1 Rg6+ 32. Kh1 Rh6 33. Qxf5 Qe7 34. d6 Rxd6 35. Bxe4 Rh6 36. Kh2 Ne8 37. Rc8 Rf6 38. Nd5 1-0

[Event "4NCL 2021-22"]
[Site "England"]
[Date "2022.02.12"]
[Round "3.75"]
[White "Quinn, John M"]
[Black "Harakis, Alexis M"]
[Result "1/2-1/2"]
[ECO "D63"]
[WhiteElo "2206"]
[BlackElo "2264"]
[Annotator "ChessBase"]
[PlyCount "80"]
[EventDate "2021.11.27"]
[EventType "team-tourn"]
[EventCountry "ENG"]
[SourceTitle "playchess.com"]
[Source "ChessBase"]
[SourceQuality "1"]
[TimeControl "40/6000+30:3000+30"]

1. d4 e6 2. c4 Nf6 3. Nc3 d5 4. Bg5 Nbd7 5. e3 h6 6. Bh4 Be7 7. Nf3 O-O 8. Rc1 Re8 9. Bd3 dxc4 10. Bxc4 a6 11. a4 b6 12. O-O Bb7 13. Qe2 Ra7 14. Rfe1 c5 15. dxc5 Nxc5 16. Red1 Qa8 17. Ne1 Bc6 18. Qc2 Rc8 19. Ba2 b5 20. b4 Nxa4 21. Nxa4 bxa4 22. Bb1 Rd7 23. Bxf6 Bxf6 24. Qh7+ Kf8 25. Nd3 Rcd8 26. f3 Bb5 27. Rc5 Qb7 28. Bc2 g6 29. Qxh6+ Bg7 30. Qh4 Bxd3 31. Bxd3 Rxd3 32. Qxd8+ Rxd8 33. Rxd8+ Ke7 34. Rdc8 Qxb4 35. g4 Qe1+ 36. Kg2 Qxe3 37. R8c7+ Kf6 38. g5+ Qxg5+ 39. Rxg5 Kxg5 40. Rc5+ f5 1/2-1/2

[Event "4NCL 2021-22"]
[Site "England"]
[Date "2022.02.12"]
[Round "3.76"]
[White "Skettos, Nicolas"]
[Black "Pedersen, Carsten"]
[Result "1/2-1/2"]
[ECO "C06"]
[WhiteElo "1940"]
[BlackElo "2096"]
[Annotator "ChessBase"]
[PlyCount "72"]
[EventDate "2021.11.27"]
[EventType "team-tourn"]
[EventCountry "ENG"]
[SourceTitle "playchess.com"]
[Source "ChessBase"]
[SourceQuality "1"]
[TimeControl "40/6000+30:3000+30"]

1. e4 e6 2. d4 d5 3. Nd2 Nf6 4. e5 Nfd7 5. c3 c5 6. Bd3 Nc6 7. Ne2 cxd4 8. cxd4 f6 9. exf6 Nxf6 10. Nf3 Bd6 11. O-O Qc7 12. h3 O-O 13. Be3 Bd7 14. Re1 Be8 15. Ng5 Bf7 16. Qc2 h6 17. Nxf7 Qxf7 18. Bg6 Qd7 19. Rac1 Rac8 20. Nc3 Ne7 21. Bd3 Nf5 22. Qd2 a6 23. Ne2 g5 24. Rxc8 Rxc8 25. g3 Qg7 26. Rc1 Rf8 27. Kg2 Kh8 28. Rf1 Qf7 29. f4 g4 30. h4 Bb4 31. Nc3 Nh5 32. Bf2 Bd6 33. Ne2 Nf6 34. Re1 Bb8 35. Bc2 Bc7 36. Nc1 Re8 1/2-1/2

[Event "4NCL 2021-22"]
[Site "England"]
[Date "2022.02.12"]
[Round "3.77"]
[White "Stevenson, James"]
[Black "Young, Daniel J"]
[Result "1/2-1/2"]
[ECO "B20"]
[WhiteElo "2108"]
[BlackElo "1938"]
[Annotator "ChessBase"]
[PlyCount "40"]
[EventDate "2021.11.27"]
[EventType "team-tourn"]
[EventCountry "ENG"]
[SourceTitle "playchess.com"]
[Source "ChessBase"]
[SourceQuality "1"]
[TimeControl "40/6000+30:3000+30"]

1. e4 c5 2. b4 cxb4 3. a3 d5 4. exd5 Qxd5 5. Nf3 Bg4 6. Bb2 e6 7. Be2 Nf6 8. O-O Be7 9. axb4 Bxb4 10. c4 Qd8 11. d4 O-O 12. Qb3 a5 13. Nc3 Nc6 14. Nb5 Be7 15. Rfd1 Nb4 16. Rac1 Rc8 17. Na7 Ra8 18. Nb5 Rc8 19. Na7 Ra8 20. Nb5 Kh8 1/2-1/2

[Event "4NCL 2021-22"]
[Site "England"]
[Date "2022.02.12"]
[Round "3.78"]
[White "Merriman, James"]
[Black "Franco, Gaston"]
[Result "1/2-1/2"]
[ECO "D35"]
[WhiteElo "1861"]
[BlackElo "2037"]
[Annotator "NA"]
[PlyCount "50"]
[EventDate "2021.11.27"]
[EventType "team-tourn"]
[EventCountry "ENG"]
[SourceTitle "playchess.com"]
[Source "ChessBase"]
[SourceQuality "1"]
[TimeControl "40/6000+30:3000+30"]

1. d4 d5 2. c4 e6 3. Nc3 Be7 4. cxd5 exd5 5. Bf4 Nf6 6. e3 c6 7. Bd3 O-O 8. Qc2 Nbd7 9. Nf3 Re8 10. O-O Nf8 11. Rab1 Ne6 12. Be5 g6 13. b4 Ng7 14. b5 Bf5 15. bxc6 bxc6 16. Bxf5 Nxf5 17. Na4 Rc8 18. Rb7 Ne4 19. Rxa7 f6 20. Bf4 g5 21. Bg3 h5 22. h3 Nfxg3 23. fxg3 Bd6 24. Nc3 Bb8 25. Nxe4 dxe4 1/2-1/2